 Dungeon Crawl Stone Soup version bcrawl-1.38.3 (webtiles) character file.

Game seed: 185974556937539086

136028 Mrkan the Shield-Bearer (level 4, 0/40 HPs)
             Began as a Hill Orc Fighter on May 26, 2023.
             Slain by a bullfrog skeleton (3 damage)
             ... on level 3 of the Dungeon.
             The game lasted 00:03:34 (2071 turns).

Mrkan the Shield-Bearer (Hill Orc Fighter)          Turns: 2071, Time: 00:03:34

Health: 0/40       AC:  8    Str: 19    XL:     4   Next: 87%
Magic:  4/4        EV:  7    Int:  8    God:
Gold:   152        SH:  9    Dex: 10    Spells: 3/3 levels left

rFire    . . .     GDR:     25% a - +0 war axe
rCold    . . .     SeeInvis .   c - +0 medium shield
rNeg     . . .     Gourm    .   p - +0 acid dragon scales
rPois    .         Faith    .   g - +0 helmet (curse)
rElec    .         Spirit   .   (no cloak)
rCorr    +         Reflect  .   (no gloves)
MR       .....                  (no boots)
Stlth    +.........             (no amulet)
HPRegen  0.16/turn              (no ring)
MPRegen  0.09/turn              (no ring)

@: no status effects
A: no striking features
a: no special abilities


You were on level 3 of the Dungeon.
You were hungry.

You visited 1 branch of the dungeon, and saw 3 of its levels.

You collected 152 gold pieces.

Inventory:

Hand Weapons
 a - a +0 war axe (weapon)
Armour
 c - a +0 medium shield (worn)
 g - a cursed +0 helmet (worn)
 p - +0 acid dragon scales (worn)
Scrolls
 f - a scroll of enchant armour {unknown}
 h - a scroll of teleportation {unknown}
 m - 2 scrolls of amnesia {unknown}
 n - a scroll of immolation {unknown}
Potions
 d - 2 potions of might
 j - a potion of curing {unknown}
 l - a potion of brilliance {unknown}
 o - a potion of agility {unknown}
 q - a potion of experience {unknown}
Comestibles
 e - 3 rations {!d}


   Skills:
 + Level 4.1 Fighting
   Level 4.1 Short Blades
   Level 4.1 Long Blades
   Level 4.1 Axes
   Level 4.1 Maces & Flails
   Level 4.1 Polearms
   Level 4.1 Staves
 - Level 3.2 Armour
 + Level 4.8 Shields
   Level 4.1 Unarmed Combat


You had 3 spell levels left.
You didn't know any spells.
Your spell library was empty.

Dungeon Overview and Level Annotations

Branches:
Dungeon (3/12)

Altars:
Nemelex Xobeh


Message History

The orc wizard misses you. The orc hits you but does no damage.
You hit the orc wizard.
The orc wizard is moderately wounded.
You slash the orc!
You kill the orc!
You barely miss the bullfrog skeleton. You closely miss the orc.
The orc wizard gestures wildly while chanting.
The orc wizard blinks!
The orc hits you with a +0 flail.
* * * LOW HITPOINT WARNING * * *
The orc wizard casts a spell at you. The magic dart hits you.
* * * LOW HITPOINT WARNING * * *
Items here: % ) [ ÷ † a +0 flail; a cursed +0 leather armour; 2 chunks of flesh; an orc skeleton a jackal corpse
Things that are here:
a +0 dagger; a kobold corpse The orc wizard casts a spell.
The orc wizard blinks!
The bullfrog skeleton hits you.
You die...

.....$.
......#
..o.... ..<..
....... ....
## .......##.#
..
#........###.#
#....o.....##.
###)#o........
#Z#)...####.
#.@###.# #..#
.# #..# # #...
##.# ###


You could see an orc wizard, 2 orcs and a bullfrog skeleton.

Vanquished Creatures
  A hound (D:2)
  An ooze (D:1)
  2 worms (D:2)
  2 dart slugs (D:1)
  4 leopard geckos
  3 orcs
  5 bats
  5 giant cockroaches
  2 goblins (D:1)
  8 hobgoblins
  8 jackals
  A quokka (D:2)
  A ball python (D:1)
  3 frilled lizards (D:1)
  2 kobolds
  6 rats
54 creatures vanquished.

Notes
Turn   | Place    | Note
-------+----------+-------------------------------------------
     0 | D:1      | Mrkan the Hill Orc Fighter began the quest for the Orb.
     0 | D:1      | Reached XP level 1. HP: 19/19 MP: 1/1
    58 | D:1      | Reached XP level 2. HP: 20/26 MP: 2/2
   186 | D:1      | Reached XP level 3. HP: 23/31 MP: 3/3
   868 | D:2      | Found a sparkling altar of Nemelex Xobeh.
  1105 | D:2      | Reached XP level 4. HP: 40/40 MP: 4/4
  2071 | D:3      | Slain by a bullfrog skeleton

Skill      XL: |  1  2  3  4 |
---------------+-------------+-----
Shields        | 4 |  4.8
Fighting       | 4 |  4.1
Short Blades   | |  4.1
Long Blades    | |  4.1
Axes           | |  4.1
Maces & Flails | |  4.1
Polearms       | |  4.1
Staves         | |  4.1
Armour         | |  3.2
Unarmed Combat | |  4.1

Action                   |  1- 3 |  4- 6 || total
-------------------------+-------+-------++-------
Melee: War axe           |   134 |    42 ||   176
  Use: Scroll            |       |     1 ||     1
  Eat: Chunk             |     5 |     4 ||     9
Armor: Scale mail        |    81 |    15 ||    96
       Acid dragon scale |       |    12 ||    12
Dodge: Dodged            |    36 |    17 ||    53
Block: Medium shield     |    92 |    38 ||   130
